 Dungeon Crawl Stone Soup version 0.24-a0-584-g9d6b971ae4 (webtiles) character file.

Game seed: 3325893612001967378, levelgen mode: deterministic

7723 Ijustatesigmund the Blocker (level 11, 0/97 HPs)
             Began as a Gnoll Fighter on Sept 6, 2019.
             Was a High Priest of Okawaru.
             Slain by a fire giant
             ... wielding a +0 great sword of flaming
              (5 damage)
             ... on level 9 of the Dungeon.
             The game lasted 00:15:59 (7676 turns).

Ijustatesigmund the Blocker (Gnoll Fighter)         Turns: 7676, Time: 00:15:59

Health: 0/97       AC: 15    Str: 18    XL:     11   Next: 19%
Magic:  23/28      EV: 20    Int: 11    God:    Okawaru [*****.]
Gold:   526        SH: 15    Dex: 18    Spells: 21/21 levels left

rFire    + . .     SeeInvis +   F - +4 mace of Indignation {flame, rF+ MR+}
rCold    . . .     Gourm    .   c - +1 shield
rNeg     . . .     Faith    .   A - +5 robe of Night {Dark MR+ SInv}
rPois    .         Spirit   .   k - +0 helmet
rElec    .         Reflect  .   (no cloak)
rCorr    .         Harm     .   D - +0 pair of gloves
MR       ++...                  d - +0 pair of boots
Stlth    +++++.....             e - amulet of regeneration
HPRegen  0.66/turn              E - ring of magical power
MPRegen  0.21/turn              (no ring)

@: heroism, finesse, lightly drained
A: distributed training, fangs 1, yellow scales 1, robust 1, subdued magic 1,
strong nose
a: Heroism, Finesse, Renounce Religion


You were on level 9 of the Dungeon.
You worshipped Okawaru.
Okawaru was extremely pleased with you.
You were not hungry.

You visited 1 branch of the dungeon, and saw 9 of its levels.

You collected 526 gold pieces.

Inventory:

Hand Weapons
 a - a +1 war axe
 z - a +3 mace of protection
 F - the +4 mace of Indignation (weapon) {flame, rF+ MR+}
   (You found it on level 5 of the Dungeon)

   It has been specially enchanted to burn those struck by it, causing extra
   injury to most foes and up to half again as much damage against particularly
   susceptible opponents.
   It protects you from fire.
   It affects your resistance to hostile enchantments.
Missiles
 m - 6 atropa-tipped darts (quivered)
 y - 2 javelins
Armour
 b - a +1 chain mail
 c - a +1 shield (worn)
 d - a +0 pair of boots (worn)
 k - a +0 helmet (worn)
 A - the +5 robe of Night (worn) {Dark MR+ SInv}
   (You found it on level 7 of the Dungeon)

   It affects your resistance to hostile enchantments.
   It lets you see invisible.
 D - a +0 pair of gloves (worn)
Jewellery
 e - an amulet of regeneration (around neck)
 E - a ring of magical power (left hand)
 L - a +2 ring of intelligence {unknown}
Wands
 p - a wand of random effects (21)
 t - a wand of disintegration (10)
 C - a wand of flame (9)
 H - a wand of polymorph (10)
Scrolls
 h - 6 scrolls of teleportation
 u - 2 scrolls of remove curse
 w - a scroll of amnesia
 G - a scroll of enchant weapon
 I - 5 scrolls of identify
 K - 2 scrolls of fear
Potions
 g - 3 potions of flight
 i - a potion of invisibility
 j - a potion of magic
 l - 2 potions of heal wounds
 n - a potion of agility
 o - 2 potions of cancellation
 q - a potion of haste
 r - a potion of resistance {unknown}
 s - 3 potions of brilliance
 v - 2 potions of ambrosia
 x - a potion of lignification
 B - a potion of curing
 J - a potion of might
Comestibles
 f - 29 rations
 M - 4 chunks of flesh


   Skills:
 + Level 9.0(13.9) Fighting
 + Level 5.9(10.9) Short Blades
 + Level 5.9(10.9) Long Blades
 + Level 7.6(12.5) Axes
 + Level 5.9(10.9) Maces & Flails
 + Level 5.9(10.9) Polearms
 + Level 5.9(10.9) Staves
 + Level 5.9(10.9) Slings
 + Level 5.9(10.9) Bows
 + Level 5.9(10.9) Crossbows
 + Level 5.9(10.9) Throwing
 + Level 9.0(13.9) Armour
 + Level 5.9(10.9) Dodging
 + Level 5.9(10.9) Stealth
 + Level 9.0(13.9) Shields
 + Level 5.9(10.9) Unarmed Combat
 + Level 5.9 Spellcasting
 + Level 4.9(4.8) Conjurations
 + Level 4.9(4.8) Hexes
 + Level 4.9(4.8) Charms
 + Level 4.9(4.8) Summonings
 + Level 4.9(4.8) Necromancy
 + Level 4.9(4.8) Translocations
 + Level 4.9(4.8) Transmutations
 + Level 4.9(4.8) Fire Magic
 + Level 4.9(4.8) Ice Magic
 + Level 4.9(4.8) Air Magic
 + Level 4.9(4.8) Earth Magic
 + Level 4.9(4.8) Poison Magic
 + Level 6.5(6.4) Invocations
 + Level 5.9 Evocations


You had 21 spell levels left.
You didn't know any spells.
Your spell library contained the following spells:

 Spells                   Type           Power        Failure   Level  Hunger
 Animate Skeleton         Necr           N/A          2%          1    None
 Magic Dart               Conj           ##..         2%          1    None
 Pain                     Necr           ##..         2%          1    None
 Searing Ray              Conj           ##....       3%          2    ##.....
 Dazzling Spray           Conj/Hex       ##....       7%          3    ###....
 Regeneration             Chrm/Necr      ##........   7%          3    ###....
 Vampiric Draining        Necr           ##........   7%          3    ###....
 Animate Dead             Necr           N/A          26%         4    ####...
 Force Lance              Conj/Tloc      ##......     26%         4    ####...
 Fulminant Prism          Conj/Hex       ##........   26%         4    ####...
 Iskenderun's Mystic Bla  Conj           ##......     26%         4    ####...


Dungeon Overview and Level Annotations

Branches:
Dungeon (9/15)             Temple (0/1) D:5            Lair (0/6) D:8
    Orc: D:9-12

Altars:
Ashenzari
Elyvilon
Kikubaaqudgha
Makhleb
Nemelex Xobeh
Okawaru
Ru
Sif Muna
Vehumet
Xom
Zin

Annotations:
D:6 2 transporters, losten's ghost, novice HOFi


Innate Abilities, Weirdness & Mutations

Your experience applies equally to all skills.
You have very sharp teeth.
Your uncanny sense of smell can sniff out nearby items.
You are partially covered in yellow scales. (AC +2)
You are robust. (+10% HP)
Your spells are a little easier to cast, but a little less powerful.


Message History

The fire giant is severely wounded.
The fire giant casts a spell at you. The bolt of fire misses you.
You hit the fire giant.
The fire giant is almost dead.
You hit the fire giant but do no damage.
You bite the fire giant, but do no damage.
The fire giant is almost dead.
The fire giant hits you with a +0 great sword of flaming!!
The fire giant burns you!
You hit the fire giant. You bite the fire giant.
The fire giant is almost dead.
You hit the fire giant but do no damage.
The fire giant is almost dead.
You hit the fire giant but do no damage.
The fire giant is almost dead.
The fire giant hits you with a +0 great sword of flaming!!
* * * LOW HITPOINT WARNING * * *
The fire giant burns you.
You die...

..................##..####.......
............^.....##...#.........
.................................
...........<..........#.##.##....
)........##..........######......
.....................## #.......
.......#.##########...## ##......
#..#..##.'..#..#..#....###.......
#####..#)#..'..'@.#.....##.......
###..##)#######C##.[#.#.........
##.#.....# ∆ #..#.#.......>.###
...##....# ∆ ∆#..#.####......###
....#..))# #+##.## #........#
....†.#.)# #..# ##........
....###..# #..####...#.###
##.......##########........##.#
####................#..#.######


You could see a fire giant.

Vanquished Creatures
  Harold (D:7)
  Erica (D:8)
  2 two-headed ogres (D:9)
  Maurice (D:8)
  Psyche (D:9)
  A hippogriff (D:9)
  A spriggan (D:7)
  Sigmund (D:2)
  A water moccasin (D:9)
  A porcupine (D:8)
  3 sky beasts
  An ice beast (D:8)
  5 orc warriors
  2 black bears (D:8)
  2 centaurs
  6 ogres
  Blork the orc (D:4)
  4 bullfrogs
  4 scorpions
  2 howler monkeys (D:8)
  3 crimson imps
  2 hounds
  A quasit (D:6)
  4 orc priests
  10 orc wizards
  Natasha (thrice) (D:4)
  2 gnoll shamans
  4 iguanas
  3 worker ants
  Terence (D:3)
  A hound skeleton (D:4)
  2 worker ant zombies
  11 adders
  9 gnolls
  2 shadow imps
  2 oozes
  An adder zombie (D:9)
  2 worms
  2 dart slugs
  6 leopard geckos
  44 orcs
  6 giant cockroaches
  12 goblins
  12 hobgoblins
  11 jackals
  9 quokkas
  3 ball pythons
  11 bats
  5 frilled lizards
  17 kobolds
  A leopard gecko skeleton (D:6)
  A leopard gecko zombie (D:7)
  A quokka skeleton (D:4)
  A quokka zombie (D:6)
  10 rats
256 creatures vanquished.

Vanquished Creatures (others)
  A sky beast (D:7)
  An orc (D:8)
  A fungus (D:8)
3 creatures vanquished.

Grand Total: 259 creatures vanquished

Notes
Turn   | Place    | Note
-------+----------+-------------------------------------------
     0 | D:1      | Ijustatesigmund the Gnoll Fighter began the quest for the
                  | Orb.
     0 | D:1      | Reached XP level 1. HP: 23/23 MP: 1/1
   109 | D:1      | Reached XP level 2. HP: 22/29 MP: 2/2
   539 | D:2      | Reached XP level 3. HP: 35/35 MP: 3/3
   617 | D:2      | Reached skill level 1 in Invocations
   692 | D:2      | Found an iron altar of Okawaru.
   699 | D:2      | Became a worshipper of Warmaster Okawaru
   831 | D:2      | Reached skill level 1 in Short Blades
   831 | D:2      | Reached skill level 1 in Long Blades
   831 | D:2      | Reached skill level 1 in Maces & Flails
   831 | D:2      | Reached skill level 1 in Polearms
   831 | D:2      | Reached skill level 1 in Staves
   831 | D:2      | Reached skill level 1 in Slings
   831 | D:2      | Reached skill level 1 in Bows
   831 | D:2      | Reached skill level 1 in Crossbows
   831 | D:2      | Reached skill level 1 in Throwing
   831 | D:2      | Reached skill level 1 in Dodging
   831 | D:2      | Reached skill level 1 in Stealth
   831 | D:2      | Reached skill level 1 in Unarmed Combat
   831 | D:2      | Reached skill level 1 in Spellcasting
   831 | D:2      | Reached skill level 1 in Evocations
   910 | D:2      | Reached XP level 4. HP: 41/41 MP: 5/5
   980 | D:2      | Noticed Sigmund
   996 | D:2      | Killed Sigmund
   996 | D:2      | Reached * piety under Okawaru
   996 | D:2      | Reached skill level 1 in Conjurations
   996 | D:2      | Reached skill level 1 in Hexes
   996 | D:2      | Reached skill level 1 in Charms
   996 | D:2      | Reached skill level 1 in Summonings
   996 | D:2      | Reached skill level 1 in Necromancy
   996 | D:2      | Reached skill level 1 in Translocations
   996 | D:2      | Reached skill level 1 in Transmutations
   996 | D:2      | Reached skill level 1 in Fire Magic
   996 | D:2      | Reached skill level 1 in Ice Magic
   996 | D:2      | Reached skill level 1 in Air Magic
   996 | D:2      | Reached skill level 1 in Earth Magic
   996 | D:2      | Reached skill level 1 in Poison Magic
   996 | D:2      | Reached XP level 5. HP: 32/47 MP: 5/7
   996 | D:2      | Reached XP level 6. HP: 36/53 MP: 5/8
  1435 | D:3      | Noticed Terence
  1448 | D:3      | Killed Terence
  1510 | D:3      | Reached skill level 5 in Axes
  2063 | D:4      | Noticed Natasha
  2070 | D:4      | Killed Natasha
  2218 | D:4      | Reached XP level 7. HP: 59/59 MP: 10/10
  2246 | D:4      | Found a glowing silver altar of Zin.
  2344 | D:4      | Noticed Natasha
  2355 | D:4      | Killed Natasha
  2429 | D:4      | Noticed Blork the orc
  2439 | D:4      | Killed Blork the orc
  2572 | D:4      | Found an ancient bone altar of Kikubaaqudgha.
  2572 | D:4      | Found a sparkling altar of Nemelex Xobeh.
  2621 | D:4      | Noticed Natasha
  2634 | D:4      | Killed Natasha
  3065 | D:5      | Entered Level 5 of the Dungeon
  3103 | D:5      | Reached ** piety under Okawaru
  3342 | D:5      | Reached XP level 8. HP: 67/67 MP: 12/12
  3614 | D:5      | Found a staircase to the Ecumenical Temple.
  3924 | D:5      | Found a shimmering blue altar of Sif Muna.
  3960 | D:5      | Got a scorched mace
  3961 | D:5      | Identified the +4 mace of Indignation {flame, rF+ MR+} (You
                  | found it on level 5 of the Dungeon)
  4157 | D:6      | Gained mutation: Potions are less effective at restoring
                  | your health. [potion of mutation]
  4157 | D:6      | Gained mutation: You have a pair of small horns on your
                  | head. [potion of mutation]
  4158 | D:6      | Lost mutation: You have a pair of small horns on your head.
                  | [potion of mutation]
  4158 | D:6      | Lost mutation: Potions are less effective at restoring your
                  | health. [potion of mutation]
  4158 | D:6      | Gained mutation: Your spells are a little easier to cast,
                  | but a little less powerful. [potion of mutation]
  4158 | D:6      | Gained mutation: You are partially covered in yellow
                  | scales. (AC +2) [potion of mutation]
  4158 | D:6      | Gained mutation: You are robust. (+10% HP) [potion of
                  | mutation]
  4378 | D:6      | Found a white marble altar of Elyvilon.
  4567 | D:6      | Noticed a queen bee
  4574 | D:6      | Noticed losten's ghost (novice HOFi)
  4644 | D:6      | Found a transporter.
  4708 | D:6      | Found a transporter.
  5053 | D:7      | Noticed Harold
  5082 | D:7      | Killed Harold
  5082 | D:7      | Reached *** piety under Okawaru
  5082 | D:7      | Reached XP level 9. HP: 46/81 MP: 12/15
  5095 | D:7      | Reached **** piety under Okawaru
  5156 | D:7      | Found the +5 robe of Night {Dark MR+ SInv}
  5586 | D:7      | Reached skill level 5 in Invocations
  5881 | D:8      | Noticed Maurice
  5911 | D:8      | Noticed Erica
  5934 | D:8      | Killed Erica
  5934 | D:8      | Reached ***** piety under Okawaru
  5934 | D:8      | Reached XP level 10. HP: 63/88 MP: 17/17
  5938 | D:8      | Reached skill level 5 in Short Blades
  5938 | D:8      | Reached skill level 5 in Long Blades
  5938 | D:8      | Reached skill level 5 in Maces & Flails
  5938 | D:8      | Reached skill level 5 in Polearms
  5938 | D:8      | Reached skill level 5 in Staves
  5938 | D:8      | Reached skill level 5 in Slings
  5938 | D:8      | Reached skill level 5 in Bows
  5938 | D:8      | Reached skill level 5 in Crossbows
  5938 | D:8      | Reached skill level 5 in Throwing
  5938 | D:8      | Reached skill level 5 in Dodging
  5938 | D:8      | Reached skill level 5 in Stealth
  5938 | D:8      | Reached skill level 5 in Unarmed Combat
  5938 | D:8      | Reached skill level 5 in Spellcasting
  5938 | D:8      | Reached skill level 5 in Evocations
  5970 | D:8      | Killed Maurice
  5970 | D:8      | Received a gift from Okawaru
  6035 | D:8      | Found a radiant altar of Vehumet.
  6210 | D:8      | Found a staircase to the Lair.
  6545 | D:8      | Found a shimmering altar of Xom.
  6700 | D:9      | Noticed a two-headed ogre
  6713 | D:9      | Killed a two-headed ogre
  6899 | D:9      | Found a sacrificial altar of Ru.
  7120 | D:9      | Noticed a two-headed ogre
  7132 | D:9      | Killed a two-headed ogre
  7132 | D:9      | Received a gift from Okawaru
  7132 | D:9      | Reached XP level 11. HP: 76/95 MP: 19/19
  7160 | D:9      | Found a shattered altar of Ashenzari.
  7206 | D:9      | Noticed Psyche
  7240 | D:9      | Killed Psyche
  7363 | D:9      | Found a burning altar of Makhleb.
  7619 | D:9      | Found a runed translucent door.
  7620 | D:9      | Noticed a fire giant
  7676 | D:9      | Slain by a fire giant

Levels and vault maps discovered:
D:1:      dpeg_arrival_boxorama, layout_rooms, chequers_serial_rivers_marsh,
          minmay_pentomino_x2
D:2:      layout_basic, okawaru_gym_becter, uniq_sigmund
D:3:      minmay_general_purpose_star, layout_basic, st_stairs_12,
          amethyst_killhole, uniq_terence
D:4:      minmay_wonky_spiral, layout_layer_cave, overflow_temple_1_default,
          gammafunk_temple_overflow_elements, first_ration, uniq_blork_the_orc,
          uniq_natasha
D:5:      corexii_shantytown, layout_basic, tgw_sif,
          minmay_temple_entry_glassed_door
D:6:      layout_basic, elyvilon_altar_4, gammafunk_ghost_hive
D:7:      layout_loops_cross, the_bakery, uniq_harold
D:8:      layout_cave_pools, lemuel_coloured_pillars_altar, fiery_altar_vehumet,
          grunt_lair_entry_orc_guard_hut, kennysheep_generic_room_7, uniq_erica,
          uniq_maurice
D:9:      layout_cave_pools, ashenzari_conservatory_becter,
          nicolae_ru_sacrificial_ziggurat, kennysheep_mini_moat, minivault_13,
          uniq_psyche

Skill      XL: |  1  2  3  4  5  6  7  8  9 10 11 |
---------------+----------------------------------+-----
Invocations    | 1 2 3 4 5 6 |  6.5
Short Blades   | 1 2 4 5 |  5.9
Long Blades    | 1 2 4 5 |  5.9
Maces & Flails | 1 2 4 5 |  5.9
Polearms       | 1 2 4 5 |  5.9
Staves         | 1 2 4 5 |  5.9
Slings         | 1 2 4 5 |  5.9
Bows           | 1 2 4 5 |  5.9
Crossbows      | 1 2 4 5 |  5.9
Throwing       | 1 2 4 5 |  5.9
Dodging        | 1 2 4 5 |  5.9
Stealth        | 1 2 4 5 |  5.9
Unarmed Combat | 1 2 4 5 |  5.9
Spellcasting   | 1 2 4 5 |  5.9
Evocations     | 1 2 4 5 |  5.9
Conjurations   | 1 2 3 4 |  4.9
Hexes          | 1 2 3 4 |  4.9
Charms         | 1 2 3 4 |  4.9
Summonings     | 1 2 3 4 |  4.9
Necromancy     | 1 2 3 4 |  4.9
Translocations | 1 2 3 4 |  4.9
Transmutations | 1 2 3 4 |  4.9
Fire Magic     | 1 2 3 4 |  4.9
Ice Magic      | 1 2 3 4 |  4.9
Air Magic      | 1 2 3 4 |  4.9
Earth Magic    | 1 2 3 4 |  4.9
Poison Magic   | 1 2 3 4 |  4.9
Axes           | 5 6 7 |  7.6
Fighting       | 7 8 9 |  9.0
Armour         | 7 8 9 |  9.0
Shields        | 7 8 9 |  9.0

Action                   |  1- 3 |  4- 6 |  7- 9 | 10-12 || total
-------------------------+-------+-------+-------+-------++-------
Melee: War axe           |   100 |   174 |   174 |       ||   448
       Bite              |     7 |    22 |    53 |    49 ||   131
       Mace              |       |       |   251 |   257 ||   508
Throw: Javelin           |       |       |     5 |     1 ||     6
       Dart              |       |       |     1 |     1 ||     2
Invok: Heroism           |       |       |     3 |     2 ||     5
       Finesse           |       |       |       |     1 ||     1
Evoke: Wand              |       |       |     3 |     2 ||     5
  Use: Potion            |       |     1 |     3 |       ||     4
       Scroll            |       |    13 |    12 |     1 ||    26
 Stab: Sleeping          |       |       |     5 |     1 ||     6
       Distracted        |       |       |       |     1 ||     1
  Eat: Chunk             |       |     5 |     7 |     5 ||    17
       Ration            |       |       |     2 |       ||     2
Armor: Chain mail        |    49 |    62 |   153 |       ||   264
       Robe              |       |       |    21 |    69 ||    90
Dodge: Dodged            |    23 |    46 |   106 |   157 ||   332
Block: Shield            |    46 |   138 |   247 |   175 ||   606

Table legend:
 A = Non-vault XP
 B = Vault XP
 C = Vault XP percentage of total XP
 D = Non-vault monster count
 E = Vault monster count
 F = Vault count percentage of total count
                 A         B        C        D         E       F
            +---------+---------+-------+---------+---------+-------
      Total |    6175 |    4859 |  44.0 |     204 |      53 |  20.6
            +---------+---------+-------+---------+---------+-------
        D:1 |      30 |       3 |   9.1 |      17 |       2 |  10.5
        D:2 |      84 |     227 |  73.0 |      28 |       1 |   3.4
        D:3 |      80 |      55 |  40.7 |      29 |       7 |  19.4
        D:4 |     215 |     217 |  50.2 |      14 |       4 |  22.2
        D:5 |     549 |     129 |  19.0 |      15 |      26 |  63.4
        D:6 |     703 |       0 |   0.0 |      28 |       0 |   0.0
        D:7 |     619 |    1247 |  66.8 |      24 |       2 |   7.7
        D:8 |     969 |    2280 |  70.2 |      17 |       9 |  34.6
        D:9 |    2926 |     701 |  19.3 |      32 |       2 |   5.9
            +---------+---------+-------+---------+---------+-------
